AoeStats
← Chaac1706

Hideout

507362923Analyzed
1v1 RM · 15d ago on Sep 17, 2026· 47m 56s· 2 players
Game mode
Random Map
Map size
Tiny (2 player)
Population
200
Speed
Normal
Resources
Standard
Victory
Conquest
Starting age
Dark Age
Ending age
Imperial Age
RankedLock teamsTeams togetherTeam positionsShared explorationLock speedFull tech treeHidden civsTurbo modeCheats
Victory
Defeat
🇹🇼 Wei · Taiwan
1200
+29
🇨🇴 Muisca · Colombia
1205
-16
QQ小貓
8:54 Feudal Age
9:20 Double-Bit Axe
9:21 Horse Collar
11:05 Loom
16:45 Fletching
17:36 Gold Mining
22:16 Castle Age
22:22 Padded Archer Armor
22:23 Crossbowman
22:41 Elite Skirmisher
23:51 Bodkin Arrow
26:53 Bow Saw
27:49 Thumb Ring
28:56 Ballistics
34:10 Leather Archer Armor
35:07 Forging
38:16 Imperial Age
36:35 Scale Barding Armor
39:27 Chain Barding Armor
40:12 Bracer
41:34 Chemistry
43:38 Wheelbarrow
45:21 Ring Archer Armor
46:16 Bloodlines
46:06 Husbandry
46:47 Heavy Hei Guang Cavalry
47:31 Tuntian
Chaac1706
7:37 Loom
9:25 Feudal Age
9:28 Champi Runner
9:59 Double-Bit Axe
9:45 Champi Runner
11:15 Horse Collar
12:36 Scale Mail Armor
17:12 Wheelbarrow
20:08 Castle Age
18:30 Fletching
18:38 Town Watch
18:41 Loom
19:07 Gold Mining
19:11 Stone Mining
20:10 Padded Archer Armor
21:30 Crossbowman
23:16 Chain Mail Armor
25:45 Hand Cart
26:10 Bow Saw
27:46 Thumb Ring
27:24 Champi Warrior
28:49 Leather Archer Armor
29:27 Squires
41:06 Imperial Age
43:12 Conscription
44:08 Elite Skirmisher
46:41 Pikeman
Connection lost

Rejoining the realm…

Still unreachable

The connection could not be restored.

Session expired

The server has moved on; the page needs a fresh start.